| TOP OF THE 1ST |
|
Chicago (APP) Cubs batting - Pitching for Miami (APP) Marlins : LHP David Zuniga
|
|
Pitching: LHP David Zuniga
|
|
|
Batting: RHB Lencho Otieno
|
0-0: Foul Ball, location: 2F 0-1: Ball 1-1: Foul Ball, location: 2F 1-2: Strikes out swinging
|
|
Batting: SHB Jim Lloyd
|
0-0: Ball 1-0: Ball 2-0: Ground out 3-1 (Groundball, 34, EV 87.5 MPH)
|
|
Batting: RHB Dustin Goldsborough
|
0-0: Ball 1-0: Ball 2-0: Foul Ball, location: 2F 2-1: Foul Ball, location: 2F 2-2: Strikes out swinging
|
| Top of the 1st over - 0 runs, 0 hits, 0 errors, 0 left on base; Chicago (APP) 0 - Miami (APP) 0 |
| BOTTOM OF THE 1ST |
|
Miami (APP) Marlins batting - Pitching for Chicago (APP) Cubs : RHP Bobby Almonte
|
|
Pitching: RHP Bobby Almonte
|
|
|
Batting: RHB Robbie Gomez
|
0-0: Foul Ball, location: 2F 0-1: Called Strike 0-2: Ball 1-2: Ball 2-2: Foul Ball, location: 2F 2-2: Ground out 4-3 (Groundball, 4, EV 102.5 MPH)
|
|
Batting: RHB Hikaru Nakata
|
0-0: Ball 1-0: Ball 2-0: Ball 3-0: Called Strike 3-1: Base on Balls
|
|
Batting: RHB Clark Meagher
|
0-0: Foul Ball, location: 2F 0-1: Ball Hikaru Nakata steals 2nd base (no throw) 1-1: SINGLE (Line Drive, 4MD, EV 95.6 MPH) Hikaru Nakata to third Runner from 3rd tries for Home, SAFE, throw by CF to home
|
|
Batting: RHB Rick English
|
0-0: Ball 1-0: Ball 2-0: Ball 3-0: Called Strike 3-1: Foul Ball, location: 2F 3-2: Foul Ball, location: 2F 3-2: 2-RUN HOME RUN (Flyball, 7D, EV 99.4 MPH), Distance : 375 ft
|
|
Batting: LHB Tony Olmos
|
0-0: Called Strike 0-1: Ball 1-1: Foul Ball, location: 2F 1-2: SOLO HOME RUN (Flyball, 9D, EV 104.4 MPH), Distance : 373 ft
|
|
Batting: RHB David Martin
|
0-0: Ball 1-0: Ball 2-0: Foul Ball, location: 2F 2-1: Ball 3-1: Called Strike 3-2: Foul Ball, location: 2F 3-2: Foul Ball, location: 2F 3-2: Foul Ball, location: 2F 3-2: Base on Balls
|
|
Batting: RHB Axel Moltke
|
0-0: Ball 1-0: Ball 2-0: Ball 3-0: Foul Ball, location: 2F 3-1: SINGLE (Groundball, 6D, EV 95.0 MPH) David Martin to second
|
|
Batting: RHB Terrell Smith
|
0-0: Ball 1-0: Ball 2-0: Ball Passed Ball! David Martin to third Axel Moltke to second 3-0: Called Strike 3-1: Base on Balls
|
|
Batting: RHB Aaron Mamer
|
0-0: Called Strike 0-1: SINGLE (Flyball, 56D, EV 86.9 MPH) David Martin scores Axel Moltke to third Terrell Smith to second
|
|
Batting: RHB Robbie Gomez
|
0-0: Called Strike 0-1: Swinging Strike 0-2: Ball 1-2: Foul Ball, location: 2F 1-2: Ball 2-2: Foul Ball, location: 2F 2-2: Ball 3-2: Fly out, F7 (Flyball, 78M, EV 90.0 MPH)
|
|
Batting: RHB Hikaru Nakata
|
0-0: Called Strike 0-1: Ball 1-1: Ball Wild Pitch! Axel Moltke scores Terrell Smith to third Aaron Mamer to second 2-1: Foul Ball, location: 2F 2-2: Ball 3-2: DOUBLE (Line Drive, 78M, EV 103.1 MPH) Terrell Smith scores Aaron Mamer scores
|
|
Batting: RHB Clark Meagher
|
0-0: 2-RUN HOME RUN (Flyball, 78XD, EV 106.9 MPH), Distance : 437 ft
|
|
Batting: RHB Rick English
|
0-0: Called Strike 0-1: SOLO HOME RUN (Line Drive, 9D, EV 98.8 MPH), Distance : 388 ft
|
|
Batting: LHB Tony Olmos
|
0-0: Foul Ball, location: 2F 0-1: Foul Ball, location: 2F 0-2: DOUBLE (Line Drive, 3D, EV 94.4 MPH)
|
|
Batting: RHB David Martin
|
0-0: Foul Ball, location: 2F 0-1: SINGLE (Groundball, 56S, EV 72.5 MPH) (infield hit) Tony Olmos to third
|
|
Batting: RHB Axel Moltke
|
0-0: Ball 1-0: Ball 2-0: Ball 3-0: Called Strike 3-1: Called Strike 3-2: Foul Ball, location: 2F 3-2: Base on Balls David Martin to second
|
|
Batting: RHB Terrell Smith
|
0-0: Swinging Strike 0-1: Ball Wild Pitch! Tony Olmos scores David Martin to third Axel Moltke to second 1-1: Swinging Strike 1-2: Ball 2-2: Foul Ball, location: 2F 2-2: Strikes out swinging
|
| Bottom of the 1st over - 12 runs, 10 hits, 0 errors, 2 left on base; Chicago (APP) 0 - Miami (APP) 12 |
| TOP OF THE 2ND |
|
Chicago (APP) Cubs batting - Pitching for Miami (APP) Marlins : LHP David Zuniga
|
|
Batting: RHB Andy Baumhardt
|
0-0: Ball 1-0: Called Strike 1-1: Swinging Strike 1-2: Strikes out swinging
|
|
Batting: RHB Juan Lira
|
0-0: Called Strike 0-1: Ball 1-1: Ball 2-1: Ball 3-1: Foul Ball, location: 2F 3-2: Base on Balls
|
|
Batting: LHB Jose Mafano
|
0-0: Ball 1-0: Called Strike 1-1: Foul Ball, location: 2F 1-2: Ball 2-2: Strikes out swinging
|
|
Batting: RHB Andy Villarreal
|
0-0: Ball Juan Lira steals 2nd base 1-0: Ball 2-0: Called Strike 2-1: Foul Ball, location: 2F 2-2: Strikes out swinging
|
| Top of the 2nd over - 0 runs, 0 hits, 0 errors, 1 left on base; Chicago (APP) 0 - Miami (APP) 12 |
| BOTTOM OF THE 2ND |
|
Miami (APP) Marlins batting - Pitching for Chicago (APP) Cubs : RHP Bobby Almonte
|
|
Batting: RHB Aaron Mamer
|
0-0: Called Strike 0-1: DOUBLE (Line Drive, 89XD, EV 105.6 MPH)
|
|
Batting: RHB Robbie Gomez
|
0-0: Ball 1-0: Ball 2-0: Ball 3-0: Base on Balls
|
|
Batting: RHB Hikaru Nakata
|
0-0: Ball 1-0: Ball 2-0: Ball 3-0: Base on Balls Aaron Mamer to third Robbie Gomez to second
|
|
Batting: RHB Clark Meagher
|
0-0: Foul Ball, location: 2F 0-1: Called Strike 0-2: Foul Ball, location: 2F 0-2: Foul Ball, location: 2F 0-2: Strikes out swinging
|
|
Batting: RHB Rick English
|
0-0: Swinging Strike 0-1: Ball Wild Pitch! Aaron Mamer scores Robbie Gomez to third Hikaru Nakata to second 1-1: Swinging Strike 1-2: Ball 2-2: Ball 3-2: Base on Balls
|
|
Batting: LHB Tony Olmos
|
0-0: Foul Ball, location: 2F 0-1: Foul Ball, location: 2F 0-2: GRAND SLAM HOME RUN (Flyball, 9D, EV 99.4 MPH), Distance : 370 ft
|
|
Batting: RHB David Martin
|
0-0: Ball 1-0: Ball 2-0: Ball 3-0: Called Strike 3-1: Base on Balls
|
|
Batting: RHB Axel Moltke
|
0-0: Ball 1-0: Ground out 5-3 (Groundball, 56S, EV 70.0 MPH) David Martin to second
|
|
Batting: RHB Terrell Smith
|
0-0: Ground out 1-3 (Groundball, 13S, EV 62.5 MPH)
|
| Bottom of the 2nd over - 5 runs, 2 hits, 0 errors, 1 left on base; Chicago (APP) 0 - Miami (APP) 17 |
| TOP OF THE 3RD |
|
Chicago (APP) Cubs batting - Pitching for Miami (APP) Marlins : LHP David Zuniga
|
|
Batting: RHB Jorge Gonzalez
|
0-0: Ball 1-0: Foul Ball, location: 2F 1-1: Foul Ball, location: 2F 1-2: Foul Ball, location: 2F 1-2: Strikes out swinging
|
|
Batting: RHB Masato Iwase
|
0-0: Foul Ball, location: 2F 0-1: Swinging Strike 0-2: Ball 1-2: Strikes out swinging
|
|
Batting: RHB Lencho Otieno
|
0-0: Ball 1-0: Ball 2-0: Called Strike 2-1: Foul Ball, location: 2F 2-2: Strikes out swinging
|
| Top of the 3rd over - 0 runs, 0 hits, 0 errors, 0 left on base; Chicago (APP) 0 - Miami (APP) 17 |
| BOTTOM OF THE 3RD |
|
Miami (APP) Marlins batting - Pitching for Chicago (APP) Cubs : RHP Bobby Almonte
|
|
Batting: RHB Aaron Mamer
|
0-0: Foul Ball, location: 2F 0-1: Foul Ball, location: 2F 0-2: Strikes out swinging
|
|
Batting: RHB Robbie Gomez
|
0-0: SINGLE (Flyball, 8RM, EV 82.5 MPH)
|
|
Batting: RHB Hikaru Nakata
|
0-0: 2-RUN HOME RUN (Flyball, 9LD, EV 95.0 MPH), Distance : 352 ft
|
|
Batting: RHB Clark Meagher
|
0-0: Called Strike 0-1: Foul Ball, location: 2F 0-2: Foul Ball, location: 2F 0-2: Ball 1-2: Ball 2-2: Strikes out looking
|
|
Batting: RHB Rick English
|
0-0: Ball 1-0: Ground out 4-3 (Groundball, 34, EV 102.5 MPH)
|
| Bottom of the 3rd over - 2 runs, 2 hits, 0 errors, 0 left on base; Chicago (APP) 0 - Miami (APP) 19 |
| TOP OF THE 4TH |
|
Chicago (APP) Cubs batting - Pitching for Miami (APP) Marlins : LHP David Zuniga
|
|
Batting: SHB Jim Lloyd
|
0-0: Ball 1-0: Called Strike 1-1: Foul Ball, location: 2F 1-2: Ball 2-2: Strikes out swinging
|
|
Batting: RHB Dustin Goldsborough
|
0-0: Swinging Strike 0-1: Swinging Strike 0-2: Ball 1-2: Ball 2-2: Ball 3-2: Strikes out swinging
|
|
Batting: RHB Andy Baumhardt
|
0-0: Ball 1-0: Swinging Strike 1-1: Ball 2-1: Called Strike 2-2: Strikes out swinging
|
| Top of the 4th over - 0 runs, 0 hits, 0 errors, 0 left on base; Chicago (APP) 0 - Miami (APP) 19 |
| BOTTOM OF THE 4TH |
|
Miami (APP) Marlins batting - Pitching for Chicago (APP) Cubs : RHP Bobby Almonte
|
|
Batting: LHB Tony Olmos
|
0-0: Called Strike 0-1: Ball 1-1: Foul Ball, location: 2F 1-2: SOLO HOME RUN (Flyball, 89XD, EV 113.1 MPH), Distance : 424 ft
|
|
Batting: RHB David Martin
|
0-0: SOLO HOME RUN (Flyball, 7D, EV 98.1 MPH), Distance : 380 ft
|
|
Batting: RHB Axel Moltke
|
0-0: Called Strike 0-1: SINGLE (Flyball, 8RS, EV 87.5 MPH)
|
|
Batting: RHB Terrell Smith
|
0-0: Called Strike 0-1: Ball 1-1: Ball 2-1: Foul Ball, location: 2F 2-2: Ball 3-2: Base on Balls Axel Moltke to second
|
|
Batting: RHB Aaron Mamer
|
0-0: Fly out, F8 (Flyball, 8LD, EV 88.1 MPH)
|
|
Batting: RHB Robbie Gomez
|
0-0: SINGLE (Flyball, 3D, EV 93.1 MPH) Axel Moltke to third Terrell Smith to second
|
|
Batting: RHB Hikaru Nakata
|
0-0: SINGLE (Groundball, 4M, EV 105.6 MPH) Axel Moltke scores Terrell Smith to third Robbie Gomez to second
|
|
Batting: RHB Clark Meagher
|
0-0: GRAND SLAM HOME RUN (Flyball, 7LD, EV 98.1 MPH), Distance : 352 ft
|
|
Batting: RHB Rick English
|
0-0: Ball 1-0: Ball 2-0: Ball 3-0: Called Strike 3-1: Base on Balls
|
|
Batting: LHB Tony Olmos
|
0-0: Ball 1-0: Ball 2-0: Ball 3-0: Base on Balls Rick English to second
|
|
Batting: RHB David Martin
|
0-0: Ball 1-0: Ground out 6-3 (Groundball, P, EV 85.0 MPH) Rick English to third Tony Olmos to second
|
|
Batting: RHB Axel Moltke
|
0-0: Called Strike 0-1: SINGLE (Groundball, 6S, EV 62.5 MPH) (infield hit) Rick English scores Tony Olmos to third
|
|
Batting: RHB Terrell Smith
|
0-0: Ball 1-0: Ball 2-0: Ball 3-0: Base on Balls Axel Moltke to second
|
|
Batting: RHB Aaron Mamer
|
0-0: Ground out U3 (Groundball, 34, EV 91.9 MPH)
|
| Bottom of the 4th over - 8 runs, 7 hits, 0 errors, 3 left on base; Chicago (APP) 0 - Miami (APP) 27 |
| TOP OF THE 5TH |
|
Chicago (APP) Cubs batting - Pitching for Miami (APP) Marlins : LHP David Zuniga
|
|
Batting: RHB Juan Lira
|
0-0: SINGLE (Groundball, 4MD, EV 97.5 MPH)
|
|
Batting: LHB Jose Mafano
|
0-0: Called Strike Juan Lira steals 2nd base 0-1: Swinging Strike 0-2: Strikes out looking
|
|
Batting: RHB Andy Villarreal
|
0-0: Called Strike 0-1: Ball 1-1: Swinging Strike 1-2: Strikes out looking
|
|
Batting: RHB Jorge Gonzalez
|
0-0: Called Strike 0-1: Called Strike 0-2: Strikes out swinging
|
| Top of the 5th over - 0 runs, 1 hit, 0 errors, 1 left on base; Chicago (APP) 0 - Miami (APP) 27 |
| BOTTOM OF THE 5TH |
|
Miami (APP) Marlins batting - Pitching for Chicago (APP) Cubs : RHP Bobby Almonte
|
|
Batting: RHB Robbie Gomez
|
0-0: Ball 1-0: Ground out 6-3 (Groundball, 6S, EV 83.8 MPH)
|
|
Batting: RHB Hikaru Nakata
|
0-0: Ball 1-0: SOLO HOME RUN (Flyball, 9D, EV 98.8 MPH), Distance : 380 ft
|
|
Batting: RHB Clark Meagher
|
0-0: SOLO HOME RUN (Line Drive, 7D, EV 96.2 MPH), Distance : 378 ft
|
|
Batting: RHB Rick English
|
0-0: Ball 1-0: Ball 2-0: Ball 3-0: Called Strike 3-1: Base on Balls
|
|
Batting: LHB Tony Olmos
|
0-0: Ball 1-0: Called Strike 1-1: Fly out, F8 (Line Drive, 8LM, EV 94.4 MPH)
|
|
Batting: RHB David Martin
|
0-0: Fly out, F7 (Line Drive, 7D, EV 107.5 MPH)
|
| Bottom of the 5th over - 2 runs, 2 hits, 0 errors, 1 left on base; Chicago (APP) 0 - Miami (APP) 29 |
| TOP OF THE 6TH |
|
Chicago (APP) Cubs batting - Pitching for Miami (APP) Marlins : LHP David Zuniga
|
|
Batting: RHB Masato Iwase
|
0-0: Ball 1-0: Ball 2-0: Called Strike 2-1: Called Strike 2-2: Foul Ball, location: 2F 2-2: Foul Ball, location: 2F 2-2: Strikes out swinging
|
|
Batting: RHB Lencho Otieno
|
0-0: Called Strike 0-1: Swinging Strike 0-2: Ball 1-2: Ball 2-2: Ball 3-2: Strikes out looking
|
|
Batting: SHB Jim Lloyd
|
0-0: Ball 1-0: Called Strike 1-1: SINGLE (Line Drive, 4M, EV 98.8 MPH)
|
|
Pitching: RHP Eric Schafer
|
|
|
Batting: RHB Dustin Goldsborough
|
0-0: Ball 1-0: Called Strike Jim Lloyd steals 2nd base 1-1: Swinging Strike 1-2: Strikes out swinging
|
| Top of the 6th over - 0 runs, 1 hit, 0 errors, 1 left on base; Chicago (APP) 0 - Miami (APP) 29 |
| BOTTOM OF THE 6TH |
|
Miami (APP) Marlins batting - Pitching for Chicago (APP) Cubs : RHP Bobby Almonte
|
|
Batting: RHB Axel Moltke
|
0-0: Ball 1-0: Ground out 6-3 (Groundball, 6, EV 86.9 MPH)
|
|
Batting: RHB Terrell Smith
|
0-0: SOLO HOME RUN (Flyball, 7D, EV 96.9 MPH), Distance : 374 ft
|
|
Batting: RHB Aaron Mamer
|
0-0: Ground out U3 (Groundball, 34, EV 78.8 MPH)
|
|
Batting: RHB Robbie Gomez
|
0-0: Fly out, F9 (Flyball, 89M, EV 88.8 MPH)
|
| Bottom of the 6th over - 1 run, 1 hit, 0 errors, 0 left on base; Chicago (APP) 0 - Miami (APP) 30 |
| TOP OF THE 7TH |
|
Chicago (APP) Cubs batting - Pitching for Miami (APP) Marlins : RHP Eric Schafer
|
|
Batting: RHB Andy Baumhardt
|
0-0: Ball 1-0: Swinging Strike 1-1: Called Strike 1-2: Foul Ball, location: 2F 1-2: Strikes out swinging
|
|
Batting: RHB Juan Lira
|
0-0: Called Strike 0-1: Foul Ball, location: 2F 0-2: Ball 1-2: Strikes out looking
|
|
Batting: LHB Jose Mafano
|
0-0: Called Strike 0-1: Ball 1-1: Ball 2-1: Ground out 4-3 (Groundball, 4S, EV 88.1 MPH)
|
| Top of the 7th over - 0 runs, 0 hits, 0 errors, 0 left on base; Chicago (APP) 0 - Miami (APP) 30 |
| BOTTOM OF THE 7TH |
|
Miami (APP) Marlins batting - Pitching for Chicago (APP) Cubs : RHP Bobby Almonte
|
|
Batting: RHB Hikaru Nakata
|
0-0: Fly out, F6 (Line Drive, 6, EV 65.0 MPH)
|
|
Batting: RHB Clark Meagher
|
0-0: SINGLE (Groundball, 56, EV 98.8 MPH)
|
|
Batting: RHB Rick English
|
0-0: Ball 1-0: Fly out, F9 (Line Drive, 9, EV 88.8 MPH)
|
|
Batting: LHB Tony Olmos
|
0-0: Foul Ball, location: 2F 0-1: 2-RUN HOME RUN (Flyball, 89XD, EV 110.0 MPH), Distance : 406 ft
|
|
Batting: RHB David Martin
|
0-0: Ground out 1-3 (Groundball, 13S, EV 68.1 MPH)
|
| Bottom of the 7th over - 2 runs, 2 hits, 0 errors, 0 left on base; Chicago (APP) 0 - Miami (APP) 32 |
| TOP OF THE 8TH |
|
Chicago (APP) Cubs batting - Pitching for Miami (APP) Marlins : RHP Eric Schafer
|
|
Batting: RHB Andy Villarreal
|
0-0: Ball 1-0: Called Strike 1-1: Ball 2-1: Foul Ball, location: 2F 2-2: Strikes out swinging
|
|
Batting: RHB Jorge Gonzalez
|
0-0: Swinging Strike 0-1: Hit by Pitch
|
|
Batting: RHB Masato Iwase
|
0-0: Bunted foul 0-1: Sac Bunt to 13 - play at first, batter OUT! 1-4 Jorge Gonzalez to second
|
|
Batting: RHB Lencho Otieno
|
0-0: SINGLE (Groundball, P, EV 88.8 MPH) (infield hit) Jorge Gonzalez to third
|
|
Batting: SHB Jim Lloyd
|
0-0: Ball 1-0: Called Strike 1-1: Fly out, F6 (Popup, 6, EV 62.5 MPH)
|
| Top of the 8th over - 0 runs, 1 hit, 0 errors, 2 left on base; Chicago (APP) 0 - Miami (APP) 32 |
| BOTTOM OF THE 8TH |
|
Miami (APP) Marlins batting - Pitching for Chicago (APP) Cubs : RHP Bobby Almonte
|
|
Batting: RHB Axel Moltke
|
0-0: DOUBLE (Groundball, 5L, EV 106.9 MPH)
|
|
Batting: RHB Terrell Smith
|
0-0: Called Strike 0-1: Swinging Strike 0-2: Ball 1-2: Strikes out swinging
|
|
Batting: RHB Aaron Mamer
|
0-0: 2-RUN HOME RUN (Flyball, 78XD, EV 104.4 MPH), Distance : 415 ft
|
|
Batting: RHB Robbie Gomez
|
0-0: Swinging Strike 0-1: Ground out 4-3 (Groundball, 4, EV 101.2 MPH)
|
|
Batting: RHB Hikaru Nakata
|
0-0: Ball 1-0: Ground out 6-3 (Groundball, 6, EV 105.0 MPH)
|
| Bottom of the 8th over - 2 runs, 2 hits, 0 errors, 0 left on base; Chicago (APP) 0 - Miami (APP) 34 |
| TOP OF THE 9TH |
|
Chicago (APP) Cubs batting - Pitching for Miami (APP) Marlins : RHP Eric Schafer
|
|
Batting: RHB Dustin Goldsborough
|
0-0: Foul Ball, location: 2F 0-1: Foul Ball, location: 2F 0-2: Strikes out looking
|
|
Batting: RHB Andy Baumhardt
|
0-0: Called Strike 0-1: Ball 1-1: Swinging Strike 1-2: Strikes out looking
|
|
Batting: RHB Juan Lira
|
0-0: SINGLE (Groundball, 6D, EV 97.5 MPH)
|
|
Batting: LHB Jose Mafano
|
0-0: Fly out, F8 (Flyball, 8RD, EV 103.1 MPH)
|
| Top of the 9th over - 0 runs, 1 hit, 0 errors, 1 left on base; Chicago (APP) 0 - Miami (APP) 34 |
|